 Dungeon Crawl Stone Soup version 0.28.0-53-g5a82cb258f (webtiles) character file.

Game seed: 706660519421753850

84 Sin92 the Skirmisher (level 4, -1/37 HPs)
             Began as a Demonspawn Fighter on July 2, 2022.
             Slain by a gnoll
             ... wielding a +0 whip
              (6 damage)
             ... on level 2 of the Dungeon.
             The game lasted 00:01:30 (989 turns).

Sin92 the Skirmisher (Demonspawn Fighter)            Turns: 989, Time: 00:01:31

Health: -1/37      AC: 10    Str: 18    XL:     4   Next: 24%
Magic:  4/4        EV:  6    Int:  9    God:
Gold:   42         SH:  5    Dex: 15    Spells: 3/3 levels left

rFire   . . .      SeeInvis .   a - +1 war axe
rCold   . . .      Faith    .   c - +0 buckler
rNeg    . . .      Spirit   .   i - +0 chain mail
rPois   .          Reflect  .   (no helmet)
rElec   .          Harm     .   g - +0 cloak
rCorr   .          Rampage  .   (no gloves)
Will    .....                   (no boots)
Stlth   ..........              (no amulet)
HPRegen 0.12/turn               e - ring of flight
MPRegen 0.09/turn               (no ring)

@: mighty, flying
A: thin skeletal structure 1
a: no special abilities


You were on level 2 of the Dungeon.
You visited 1 branch of the dungeon, and saw 2 of its levels.

You collected 42 gold pieces.

Inventory:

Hand Weapons
 a - a +1 war axe (weapon)
Armour
 b - a +0 scale mail
 c - a +0 buckler (worn)
 g - a +0 cloak (worn)
 i - a +0 chain mail (worn)
Jewellery
 e - a ring of flight (left hand)
Scrolls
 j - a scroll of identify {unknown}
Potions
 f - a potion of curing {unknown}
 h - a potion of mutation {unknown}
 k - a potion of resistance {unknown}


   Skills:
 * Level 3.9 Fighting
 + Level 2.4 Axes
 + Level 3.2 Armour
 + Level 3.1 Shields


You had 3 spell levels left.
You didn't know any spells.
Your spell library was empty.

Dungeon Overview and Level Annotations

Branches:
Dungeon (2/15)

Altars:

Shops:
D:1 (


Innate Abilities, Weirdness & Mutations

You have a somewhat thin skeletal structure. (Dex +2, Stealth+)


Message History

The gnoll hits you but does no damage.
A gnoll comes into view.
It is wielding a +1 flail of holy wrath.
Unknown command.
There are monsters nearby!
You hit the gnoll.
The gnoll is severely wounded.
The gnoll hits you with a +0 halberd! The gnoll hits you but does no damage.
You are too injured to fight recklessly!
Unknown command.
There are monsters nearby!
You are too injured to fight recklessly!
Unknown command.
You are too injured to fight recklessly!
Unknown command.
You feel very mighty all of a sudden. The gnoll hits you with a +0 halberd.
* * * LOW HITPOINT WARNING * * *
You slice the gnoll!!
You kill the gnoll!
You slash the gnoll!
You kill the gnoll!
You have reached level 4!
You feel agile.
Things that are here:
a +1 flail of holy wrath; a gnoll corpse A gnoll comes into view.
It is wielding a +0 flail.
The gnoll shouts!
You hear a shout!
You see here a +0 halberd.
A gnoll comes into view. It is wielding a +0 whip.
The gnoll shouts!
The gnoll hits you with a +0 flail.
* * * LOW HITPOINT WARNING * * *
You slice the gnoll!!
You kill the gnoll!
You block the gnoll's attack.
You closely miss the gnoll. The gnoll hits you with a +0 whip.
* * * LOW HITPOINT WARNING * * *
You barely miss the gnoll. You block the gnoll's attack.
The gnoll hits you with a +0 whip.
You die...

### #..
##############.#
........<......#
#####...#####.###)###
#...>............
#†).#####.###.##
##.######))...##
#...g@........#
....##.#####.##.#
....##.# .# # .#####.
.. .. #. .#. .. #.
.#.. .. #. .. .. ##


You could see a gnoll.

Vanquished Creatures
  Jessica (D:2)
  3 gnolls (D:2)
  4 bats
  4 endoplasms
  2 giant cockroaches (D:1)
  3 goblins (D:1)
  3 hobgoblins (D:1)
  2 kobolds
  2 quokkas (D:1)
  2 frilled lizards (D:1)
  A rat (D:1)
27 creatures vanquished.

Notes
Turn   | Place    | Note
-------+----------+-------------------------------------------
     0 | D:1      | Sin92 the Demonspawn Fighter began the quest for the Orb.
     0 | D:1      | Reached XP level 1. HP: 18/18 MP: 1/1
   285 | D:1      | Gained mutation: You have a somewhat thin skeletal
                  | structure. (Dex +2, Stealth+) [demonic ancestry]
   285 | D:1      | Reached XP level 2. HP: 24/24 MP: 2/2
   401 | D:1      | Found Tuethray's Weapon Shop.
   913 | D:2      | Noticed Jessica
   918 | D:2      | Killed Jessica
   919 | D:2      | Reached XP level 3. HP: 23/30 MP: 3/3
   982 | D:2      | Reached XP level 4. HP: 9/37 MP: 4/4
   989 | D:2      | Slain by a gnoll

Illustrated notes

Levels and vault maps discovered:
D:1:      dpeg_arrival_arbitrary_c, layout_basic, serial_shops, shop_statue
D:2:      layout_loops_ring, uniq_jessica

Skill      XL: |  1  2 |
---------------+-------+-----
Axes           | 2 |  2.4
Armour         | 3 |  3.2
Shields        | 3 |  3.1
Fighting       | |  3.9

Action                   |  1- 3 |  4- 6 || total
-------------------------+-------+-------++-------
Melee: War axe           |    73 |     3 ||    76
  Use: Scroll            |     3 |       ||     3
       Potion            |     1 |       ||     1
 Stab: Sleeping          |     1 |       ||     1
Armor: Scale mail        |    42 |       ||    42
       Chain mail        |     3 |       ||     3
Dodge: Dodged            |    34 |       ||    34
Block: Buckler           |    23 |     2 ||    25
